 Dungeon Crawl Stone Soup version 0.30.0 (webtiles) character file.

Game seed: 12861356246473437877

247 workbot the Cleaver (level 6, 0/51 HPs)
             Began as a Hill Orc Monk on May 5, 2023.
             Was a Priest of Beogh.
             Slain by a wraith (1 damage)
             ... in an ossuary.
             The game lasted 00:10:50 (3284 turns).

workbot the Cleaver (Hill Orc Monk)                 Turns: 3284, Time: 00:10:51

Health: 0/51       AC:  8    Str: 16    XL:     6   Next: 11%
Magic:  6/6        EV:  7    Int: 10    God:    Beogh [***...]
Gold:   172        SH:  0    Dex: 13    Spells: 5/5 levels left

rFire   . . .        a - +0 hand axe
rCold   . . .        d - orb {light}
rNeg    . . .        p - +0 chain mail
rPois   .            (no helmet)
rElec   .            (no cloak)
rCorr   .            (no gloves)
SInv    .            (no boots)
Will    .....        (no amulet) Stlth
                     (no ring)
HPRegen 0.28/turn    (no ring)
MPRegen 0.10/turn

%: no passive effects
@: slowed, glowing, very slow
A: no striking features
a: Renounce Religion, Smiting


You were in an ossuary.
You worshipped Beogh.
Beogh was most pleased with you.
You visited 1 branch of the dungeon, and saw 4 of its levels.
You also visited: Ossuary.

You collected 172 gold pieces.

Inventory:

Hand Weapons
 a - a +0 hand axe (weapon)
Armour
 d - an orb of light (worn)
 p - a +0 chain mail (worn)
Scrolls
 b - a scroll of poison {unknown}
 f - a scroll of torment {unknown}
 h - a scroll of teleportation
 j - a scroll of noise {unknown}
 k - 2 scrolls of amnesia {unknown}
 m - 2 scrolls of butterflies {unknown}
 n - a scroll of acquirement {unknown}
 o - 6 scrolls of identify {unknown}
Potions
 c - 2 potions of ambrosia
 e - a potion of flight {unknown}
 g - a potion of magic
 i - 2 potions of curing {unknown}
 l - a potion of invisibility {unknown}


   Skills:
 - Level 3.6 Fighting
 * Level 8.6 Axes
 - Level 2.4 Dodging
 + Level 0.6 Stealth


You had 5 spell levels left.
You didn't know any spells.
Your spell library contained the following spells:

 Spells                   Type           Power      Damage    Failure   Level
 Poisonous Vapours        Pois/Air       0%         N/A       100%        2
 Mephitic Cloud           Conj/Pois/Air  0%         N/A       100%        3
 Freezing Cloud           Conj/Ice/Air   0%         6-21      100%        5


Dungeon Overview and Level Annotations

Branches:
Dungeon (4/15)            Ossuary (1/1)
 Temple: D:4-7

Altars:


Message History

You bump into the stone wall.
The wraith hits you but does no damage. The wraith barely misses you.
You slash the wraith!
The wraith is almost destroyed.
You feel less invigorated.
You feel less confused. The wraith hits you but does no damage.
You hit the wraith but do no damage.
The wraith is almost destroyed.
The wraith hits you.
You hit the wraith but do no damage.
The wraith is almost destroyed.
The wraith hits you but does no damage.
You hit the wraith but do no damage.
The wraith is almost destroyed.
The wraith hits you! The wraith drains your vigour!
You feel as though you will be slow longer.
The wraith hits you!
* * * LOW HITPOINT WARNING * * *
You hit the wraith but do no damage.
The wraith is almost destroyed.
The wraith hits you.
* * * LOW HITPOINT WARNING * * *
The wraith drains your vigour!
You feel as though you will be slow longer.
You barely miss the wraith.
The wraith is almost destroyed.
The wraith hits you.
* * * LOW HITPOINT WARNING * * *
You hit the wraith but do no damage.
The wraith is almost destroyed.
The wraith hits you but does no damage. x2
You barely miss the wraith.
The wraith is almost destroyed.
The wraith hits you!
* * * LOW HITPOINT WARNING * * *
You hit the wraith.
The wraith is almost destroyed.
The wraith hits you.
You die...

#####################
#....................
#.∩..................
#.......#####'#####..
#......##..@W.....#
#.....##...##'##...#
#....##...##...##...#
#....#...##..!!.##...
#....+...#.????!.# ..
#....#...##..?!.##...
#....##...##...##...#
#.....##...#####...#
#......##.........##.


You could see a wraith.

Vanquished Creatures
  2 hounds (D:4)
  2 orc wizards (D:3)
  2 mummies
  2 adders
  A dart slug (D:1)
  4 orcs
  11 ball pythons
  5 bats
  6 endoplasms
  3 giant cockroaches
  8 goblins
  8 hobgoblins
  3 kobolds
  5 quokkas
  4 frilled lizards (D:1)
  4 gnoll skeletons (Ossuary)
  6 kobold skeletons (Ossuary)
  7 orc skeletons (Ossuary)
  7 rats
90 creatures vanquished.

Vanquished Creatures (others)
  An orc (D:3)
1 creature vanquished.

Grand Total: 91 creatures vanquished

Notes
Turn   | Place    | Note
-------+----------+-------------------------------------------
     0 | D:1      | workbot the Hill Orc Monk began the quest for the Orb.
     0 | D:1      | Reached XP level 1. HP: 19/19 MP: 1/1
   134 | D:1      | Reached XP level 2. HP: 20/26 MP: 2/2
   219 | D:1      | Reached skill level 5 in Axes
   370 | D:1      | Reached XP level 3. HP: 30/31 MP: 3/3
  1114 | D:2      | Reached skill level 6 in Axes
  1236 | D:2      | Found a faded altar of an unknown god.
  1386 | D:3      | Became a worshipper of Beogh the Brigand
  1386 | D:3      | Reached * piety under Beogh
  1386 | D:3      | Reached ** piety under Beogh
  1396 | D:3      | Reached XP level 4. HP: 39/39 MP: 4/4
  1596 | D:3      | Reached skill level 7 in Axes
  1596 | D:3      | Reached XP level 5. HP: 10/45 MP: 5/5
  2954 | D:4      | Reached skill level 8 in Axes
  3070 | D:4      | Found a sand-covered staircase.
  3079 | D:4      | Reached XP level 6. HP: 35/51 MP: 6/6
  3083 | Ossuary  | Entered an ossuary
  3083 | Ossuary  | Noticed a wraith
  3083 | Ossuary  | Noticed a wraith
  3083 | Ossuary  | Noticed a wraith
  3238 | Ossuary  | Reached *** piety under Beogh
  3253 | Ossuary  | Noticed a wraith
  3283 | Ossuary  | HP: 1/51 [wraith (9)]
  3284 | Ossuary  | Slain by a wraith

Illustrated notes

Levels and vault maps discovered:
D:1:      giann_wishing_wells, layout_loops_ring, st_stairs_10
D:2:      layout_rooms, hellmonk_ecumenical_altar_crossroads, chequers_garden
D:3:      layout_basic, serial_rivers, chequers_serial_rivers_small_b,
          chequers_serial_rivers_small_b, chequers_serial_rivers_small_3,
          chequers_serial_rivers_large_b, chequers_serial_rivers_small_b,
          chequers_serial_rivers_room_a, nicolae_kite_square_tiling_tiny
D:4:      layout_layer_cave, gup_ossuary_entry_pyramid
Ossuary:  ossuary_due_mausoleum

Skill      XL: |  1  2  3  4  5 |
---------------+----------------+-----
Axes           | 5 6 7 8 |  8.6
Fighting       | |  3.6
Dodging        | |  2.4
Stealth        | |  0.6

Action                     |  1- 3 |  4- 6 || total
---------------------------+-------+-------++-------
  Melee: Hand axe          |   113 |   171 ||   284
 Invoke: Convert to Beogh  |     1 |       ||     1
    Use: Potion            |       |     6 ||     6
         Scroll            |       |     1 ||     1
 Armour: Robe              |    15 |       ||    15
         Chain mail        |     2 |    66 ||    68
         Skin              |       |    30 ||    30
  Dodge: Dodged            |    58 |    52 ||   110
